 Dungeon Crawl Stone Soup version 0.21.1-1-g345015f (webtiles) character file.

134170 troglodite the Tortoise (level 16, -6/147 HPs)
             Began as a Minotaur Berserker on Feb 16, 2018.
             Was the Champion of Trog.
             Mangled by a wolf spider (16 damage)
             ... on level 3 of the Spider Nest on Feb 18, 2018.
             The game lasted 02:19:16 (33026 turns).

troglodite the Tortoise (Minotaur Berserker)       Turns: 33026, Time: 02:19:17

Health: -6/147     AC: 29    Str: 33    XL:     16   Next: 61%
Magic:  15/15      EV: 14    Int:  9    God:    Trog [******]
Gold:   2652       SH:  0    Dex: 12    Spells: 15/15 levels left

rFire    + . .     SeeInvis +   H - +7 Screaming Sword
rCold    . . .     Gourm    .   (no shield)
rNeg     . . .     Faith    .   J - +3 plate armour {MR+}
rPois    .         Spirit   .   z - +2 hat {SInv}
rElec    +         Reflect  .   d - scarf {repulsion}
rCorr    .         Harm     .   Q - +2 pair of gloves {Str+3}
MR       +++..                  t - +2 pair of boots
Stlth    ..........             L - amulet of regeneration
HPRegen  0.74/turn              b - ring of protection from magic
MPRegen  0.14/turn              I - ring "Qeshitoph" {rElec rF+ Str+3 Int+5}

@: confused, berserk cooldown, slowed, repel missiles, very slow
A: retaliatory headbutt, horns 2
a: Berserk, Trog's Hand, Brothers in Arms, Burn Spellbooks, Renounce Religion


You were on level 3 of the Spider Nest.
You worshipped Trog.
Trog was exalted by your worship.
You were not hungry.

You visited 4 branches of the dungeon, and saw 26 of its levels.
You also visited: Labyrinth, Sewer and Ice Cave.

You collected 2834 gold pieces.
You spent 182 gold pieces at shops.

Inventory:

Hand Weapons
 h - the +6 shillelagh "Devastator" {shatter}
   (You found it in a labyrinth)
 y - the +13 shortbow of Untimely Demise {flame, Int+4}
   (Trog gifted it to you on level 3 of the Spider Nest)

   It causes projectiles fired from it to burn those they strike, causing extra
   injury to most foes and up to half again as much damage against particularly
   susceptible opponents.
   It affects your intelligence (+4).
 H - the +7 Screaming Sword (weapon)
   (You found it on level 14 of the Dungeon)
Missiles
 B - 672 arrows
Armour
 d - a scarf of repulsion (worn)
 t - a +2 pair of boots (worn)
 z - a +2 hat of see invisible (worn)
 J - a +3 plate armour of magic resistance (worn)
 K - a +0 shield
 Q - a +2 pair of gloves of strength (worn)
 W - a scarf of spirit shield
Jewellery
 b - a ring of protection from magic (left hand)
 f - an uncursed ring of protection from cold
 g - an uncursed amulet of magic regeneration
 j - a +2 ring of protection
 r - a +4 ring of strength
 x - an uncursed ring of poison resistance
 A - an uncursed ring of fire
 I - the ring "Qeshitoph" (right hand) {rElec rF+ Str+3 Int+5}
   (You found it in an ice cave)

   [ring of protection from fire]

   It affects your strength (+3).
   It affects your intelligence (+5).
   It protects you from fire.
   It insulates you from electricity.
 L - an amulet of regeneration (around neck)
 P - an uncursed ring of flight
 S - a +3 amulet of reflection
Wands
 e - a wand of acid (14)
 q - a wand of flame (30)
 w - a wand of random effects (22)
 R - a wand of disintegration (19)
 X - a wand of iceblast (27)
Scrolls
 k - 2 scrolls of fog
 o - 8 scrolls of remove curse
 p - 3 scrolls of teleportation
 s - 3 scrolls of fear
 F - a scroll of magic mapping
 T - a scroll of silence
 Z - 11 scrolls of identify
Potions
 i - 5 potions of cancellation
 l - 5 potions of might
 m - 2 potions of resistance
 n - 5 potions of curing
 u - 4 potions of haste
 C - 2 potions of brilliance
 E - a potion of lignification
 G - a potion of agility
 N - 2 potions of berserk rage
 O - a potion of mutation
 U - 2 potions of magic
 V - a potion of ambrosia
Comestibles
 c - 27 rations


   Skills:
 * Level 14.6 Fighting
 + Level 12.6 Long Blades
   Level 15.0 Polearms
 * Level 13.2 Bows
 * Level 15.1 Armour
 * Level 10.8 Dodging
 * Level 12.5 Shields


You had 15 spell levels left.
You didn't know any spells.

Dungeon Overview and Level Annotations

Branches:
Dungeon (15/15)            Temple (0/1) D:6            Lair (6/6) D:10
  Swamp (0/4) Lair:4       Spider (3/4) Lair:4        Slime (0/5) Lair:5
    Orc (2/2) D:10            Elf (0/3) Orc:2        Vaults (0/5) D:14
 Depths: D:15

Altars:
Dithmenos
Elyvilon
Gozag
Kikubaaqudgha
Makhleb
Nemelex Xobeh
Okawaru
Qazlal
Ru
Trog
Uskayaw
Vehumet
Xom
Zin
The Shining One
Jiyva

Shops:
D:2 *   D:4 (   D:7 *   D:8 }*   D:9 !   D:12 }   Orc:2 !*((


Innate Abilities, Weirdness & Mutations

You reflexively headbutt those who attack you in melee.
You have a pair of horns on your head.


Message History

The wolf spider bites you.
* * * LOW HITPOINT WARNING * * *
The jumping spider leaps!
You are confused.
You feel invigorated.
The wolf spider hits you but does no damage.
The wolf spider bites you but does no damage.
The orb spider pulsates with a strange energy.
The wolf spider hits you.
* * * LOW HITPOINT WARNING * * *
The wolf spider bites you but does no damage.
The jumping spider leaps!
You hit the wolf spider.
The wolf spider is severely wounded.
The wolf spider closely misses you. The wolf spider bites you.
* * * LOW HITPOINT WARNING * * *
The jumping spider leaps!
The orb spider weaves a glowing orb of energy.
The wolf spider hits you!
You die...

........ .. .#....
.. ..... ..s..# ...
....$.###.... ....
......#..§..##....
.......(..(s...^^...
..%........*(.......
........(s..§..(.(.
........(@.....((#
......§.(%.....(##
..............(##
........^†..(..#
.......†<.(.)..##
.......†.......^#
....#.........###
...#...#.......#
......###........#


You could see a wolf spider, an orb spider and a jumping spider.

Vanquished Creatures
  Bai Suzhen (Spider:2)
  Rupert (Lair:5)
  Asterion (Spider:3)
  Kirke (D:13)
  Gastronok (D:11)
  An orc warlord (D:10)
  A ghost moth (Spider:3)
  An emperor scorpion (Spider:3)
  3 entropy weavers
  Nessos (D:13)
  A dire elephant (Lair:6)
  A minotaur (Lab)
  Josephine (D:15)
  2 ice dragons (IceCv)
  The ghost of CLM the Harbinger of Death, a journeyman DsFi of Yredelemnul (D:10)
  6 hydras
  A merfolk avatar (Lair:6)
  4 vault guards (D:14)
  2 centaur warriors
  9 death yaks
  7 two-headed ogres
  The ghost of Dioder the Protected, a novice GrFi of Cheibriados (D:11)
  A skeletal warrior (D:15)
  Nergalle (Lair:3)
  3 unseen horrors
  A sea snake (Lair:6)
  A harpy (Lair:6)
  5 orc knights
  A deep elf mage (D:14)
  6 orb spiders
  3 orc sorcerers
  13 wolf spiders
  8 ugly things
  3 cyclopes
  2 moths of wrath (Spider:3)
  11 elephants
  5 manticores
  2 ice statues (IceCv)
  Maurice (D:13)
  8 black mambas
  Psyche (D:12)
  2 molten gargoyles (Lair:5)
  5 gargoyles
  14 spiny frogs
  4 rime drakes
  2 freezing wraiths
  2 kobold demonologists (D:13)
  3 centaur skeletons
  2 ice devils (Lair:1)
  15 komodo dragons
  11 demonic crawlers
  3 tengu conjurers
  4 trolls
  5 polar bears
  A minotaur zombie (Lab)
  4 slime creatures (D:12)
  19 jumping spiders
  3 hornets
  12 hippogriffs
  3 wind drakes (Lair:6)
  12 blink frogs
  Sigmund (D:3)
  30 redbacks
  2 wyverns
  5 shadows
  4 wraiths (D:15)
  28 yaks
  16 tarantellas
  A basilisk (Lair:1)
  2 hogs (D:13)
  A hungry ghost (D:13)
  A steam dragon (D:13)
  A soldier ant (D:14)
  2 vampire mosquitoes (D:15)
  7 wargs
  5 swamp worms (Lair:4)
  12 water moccasins
  9 porcupines
  45 orc warriors
  17 ice beasts
  Purgy (Sewer)
  5 black bears
  A sky beast (D:12)
  6 ogres
  2 phantoms
  10 wolves
  A necrophage (D:10)
  25 centaurs
  The ghost of p0werm0de the Slasher, an amateur OpGl (D:4)
  18 crocodiles
  2 big kobolds
  18 bullfrogs
  A wyvern zombie (D:13)
  3 wyvern skeletons
  4 scorpions
  4 jellies
  4 killer bees (D:9)
  2 howler monkeys
  2 vampire bats (D:6)
  4 electric eels
  5 lava snakes (Lair:5)
  3 centaur zombies
  4 crimson imps
  A bullfrog zombie (D:12)
  12 hounds
  18 orc priests
  3 bullfrog skeletons
  17 orc wizards
  3 iguanas
  17 worker ants
  3 gnolls (D:8)
  A howler monkey skeleton (D:5)
  17 adders
  2 shadow imps
  An ooze (D:5)
  An adder zombie (D:11)
  An adder skeleton (D:4)
  3 worms
  2 dart slugs
  2 leopard geckos
  88 orcs
  4 ball pythons
  4 bat skeletons (D:6)
  A bat zombie (D:6)
  5 giant cockroaches
  10 goblins
  5 hobgoblins
  2 jackals (D:6)
  5 quokkas
  13 bats
  2 frilled lizards
  2 goblin skeletons (D:7)
  2 goblin zombies (D:7)
  3 hobgoblin zombies (D:7)
  14 kobolds
  A kobold skeleton (D:7)
  An orc skeleton (D:7)
  An orc zombie (D:7)
  8 rats
  5 fungi
  A plant (Lair:6)
846 creatures vanquished.

Vanquished Creatures (others)
  A human (D:6)
  An orc wizard (Orc:1)
  An orc (Orc:1)
  A kobold (D:13)
  15 fungi
  18 plants
37 creatures vanquished.

Grand Total: 883 creatures vanquished

Notes
Turn   | Place    | Note
-------+----------+-------------------------------------------
     0 | D:1      | troglodite the Minotaur Berserker began the quest for the Orb.
     0 | D:1      | Reached XP level 1. HP: 19/19 MP: 0/0
   344 | D:1      | Reached XP level 2. HP: 19/27 MP: 1/1
  1341 | D:2      | Reached XP level 3. HP: 31/34 MP: 2/2
  1377 | D:2      | Found an opulent altar of Gozag.
  1377 | D:2      | Found Gozag's Platinum Reserve.
  1689 | D:2      | Found a hide-covered altar of Uskayaw.
  1692 | D:2      | Found an ancient bone altar of Kikubaaqudgha.
  1692 | D:2      | Found a shimmering altar of Xom.
  1694 | D:2      | Found a hide-covered altar of Uskayaw.
  1694 | D:2      | Found an ancient bone altar of Kikubaaqudgha.
  1694 | D:2      | Found a shimmering altar of Xom.
  2130 | D:3      | Reached XP level 4. HP: 31/41 MP: 3/3
  2254 | D:3      | Found a sparkling altar of Nemelex Xobeh.
  2271 | D:3      | Reached ** piety under Trog
  2426 | D:3      | Found an iron altar of Okawaru.
  2558 | D:3      | Noticed Sigmund
  2567 | D:3      | Killed Sigmund
  2567 | D:3      | Reached skill level 5 in Fighting
  2567 | D:3      | Reached skill level 1 in Polearms
  2567 | D:3      | Reached XP level 5. HP: 38/48 MP: 4/4
  2567 | D:3      | Reached XP level 6. HP: 44/56 MP: 5/5
  2736 | D:3      | Found a glowing drain.
  2747 | Sewer    | Entered a sewer
  2801 | Sewer    | Noticed Purgy
  2811 | Sewer    | Killed Purgy
  2811 | Sewer    | Reached skill level 5 in Long Blades
  2811 | Sewer    | Reached skill level 5 in Armour
  3523 | D:4      | Found Eguore's Weapon Boutique.
  3816 | D:4      | Reached XP level 7. HP: 56/61 MP: 6/6
  3834 | D:4      | Noticed p0werm0de's ghost (amateur OpGl)
  3844 | D:4      | Killed p0werm0de's ghost
  3957 | D:4      | Reached *** piety under Trog
  4604 | D:5      | Entered Level 5 of the Dungeon
  4604 | D:5      | Found a glowing silver altar of Zin.
  4672 | D:5      | Found a white marble altar of Elyvilon.
  4691 | D:5      | Reached skill level 5 in Polearms
  4802 | D:5      | Reached XP level 8. HP: 69/70 MP: 7/7
  5060 | D:5      | Found a hide-covered altar of Uskayaw.
  5060 | D:5      | Found a stormy altar of Qazlal.
  5643 | D:6      | Found a shadowy altar of Dithmenos.
  5710 | D:6      | Found an ancient bone altar of Kikubaaqudgha.
  5780 | D:6      | You fall through a shaft for 2 floors!
  5793 | D:8      | Reached **** piety under Trog
  5842 | D:8      | Found Zypnigyph's Changing Room.
  5933 | D:7      | Reached skill level 1 in Bows
  6141 | D:7      | Found Liawk's Assorted Antiques.
  6467 | D:6      | Found a staircase to the Ecumenical Temple.
  6545 | D:6      | Reached XP level 9. HP: 72/78 MP: 8/8
  6695 | D:6      | Found a glowing golden altar of the Shining One.
  6706 | D:6      | Reached skill level 5 in Dodging
  6987 | D:6      | Found an ancient bone altar of Kikubaaqudgha.
  7068 | D:7      | Found a glowing golden altar of the Shining One.
  7076 | D:7      | Reached ***** piety under Trog
  7200 | D:8      | Reached skill level 1 in Shields
  7592 | D:8      | Found a burning altar of Makhleb.
  7598 | D:8      | Found a radiant altar of Vehumet.
  7719 | D:8      | Found Ilore's Gadget Emporium.
  8102 | D:9      | Found Efaesab's Distillery.
  8515 | D:9      | Found a sacrificial altar of Ru.
  8679 | D:9      | Reached XP level 10. HP: 79/88 MP: 9/9
  9335 | D:10     | Entered Level 10 of the Dungeon
  9417 | D:10     | Noticed a two-headed ogre
  9428 | D:10     | Killed a two-headed ogre
  9428 | D:10     | Reached skill level 10 in Polearms
  9461 | D:10     | Found a staircase to the Orcish Mines.
  9652 | D:10     | Noticed CLM's ghost (journeyman DsFi)
  9668 | D:10     | Killed CLM's ghost
  9735 | D:10     | Noticed a death yak
  9740 | D:10     | Noticed an elephant
  9744 | D:10     | Killed a death yak
  9749 | D:10     | Killed an elephant
 10072 | Orc:1    | Entered Level 1 of the Orcish Mines
 10072 | Orc:1    | Noticed an orc sorcerer
 10113 | D:10     | Found a staircase to the Lair.
 10124 | D:10     | Received a gift from Trog
 10224 | D:10     | Noticed a two-headed ogre
 10233 | D:10     | Killed a two-headed ogre
 10233 | D:10     | Reached XP level 11. HP: 94/94 MP: 10/10
 10378 | D:10     | Noticed an unseen horror
 10387 | D:10     | Killed an unseen horror
 10409 | D:10     | Reached skill level 10 in Armour
 10851 | D:11     | Noticed Dioder's ghost (novice GrFi)
 10852 | D:11     | Noticed a two-headed ogre
 10853 | D:11     | Noticed a two-headed ogre
 10872 | D:11     | Killed Dioder's ghost
 10880 | D:11     | Killed a two-headed ogre
 10880 | D:11     | Reached skill level 5 in Shields
 10883 | D:11     | Noticed Gastronok
 11231 | D:11     | Noticed a red ugly thing
 11245 | D:11     | Killed a red ugly thing
 11295 | D:10     | Killed a two-headed ogre
 11295 | D:10     | Reached skill level 5 in Bows
 11630 | D:11     | Got a crude leather armour
 11675 | D:11     | Identified the +3 leather armour of Quito {*Corrode Str+9 Int-5 Dex+4} (You took it off an orc on level 11 of the Dungeon)
 11675 | D:11     | Lost intelligence.
 11853 | D:11     | Received a gift from Trog
 11895 | D:11     | Killed Gastronok
 12037 | D:11     | Reached XP level 12. HP: 98/105 MP: 11/11
 12469 | D:12     | Found Enueduine's Gadget Boutique.
 12471 | D:12     | Noticed Psyche
 12481 | D:12     | Killed Psyche
 12615 | D:12     | Found a sparkling altar of Nemelex Xobeh.
 12744 | D:12     | Noticed a two-headed ogre
 12750 | D:12     | Killed a two-headed ogre
 12772 | D:12     | Reached skill level 10 in Fighting
 13852 | D:13     | Noticed Maurice
 13881 | D:13     | Killed Maurice
 14511 | D:13     | Noticed Nessos
 14565 | D:13     | Found a glowing golden altar of the Shining One.
 14893 | D:13     | Noticed a two-headed ogre
 14893 | D:13     | Noticed Kirke
 14897 | D:13     | Received a gift from Trog
 14908 | D:13     | Killed Kirke
 14908 | D:13     | Reached XP level 13. HP: 101/114 MP: 10/12
 15087 | D:13     | Killed Nessos
 15742 | D:14     | Received a gift from Trog
 15824 | D:14     | Found a gate to the Vaults.
 16476 | D:14     | Received a gift from Trog
 16491 | D:14     | Got a silken robe
 16520 | D:14     | Identified the cursed +1 robe "Gakowag" {Int+4} (You found it on level 14 of the Dungeon)
 16689 | D:14     | Reached skill level 10 in Long Blades
 16832 | D:14     | Found the +7 Singing Sword
 16853 | D:15     | Entered Level 15 of the Dungeon
 16860 | D:15     | Noticed Josephine
 16880 | D:15     | Killed Josephine
 17382 | Orc:1    | Noticed an orc warlord
 17390 | D:10     | Received a gift from Trog
 17636 | D:10     | Reached XP level 14. HP: 125/125 MP: 13/13
 17644 | D:10     | Reached ****** piety under Trog
 17713 | D:10     | Killed an orc warlord
 17835 | Orc:2    | Entered Level 2 of the Orcish Mines
 17835 | Orc:2    | Found a bloodstained altar of Trog.
 17953 | Orc:1    | Received a gift from Trog
 18121 | Orc:1    | Reached skill level 10 in Shields
 18576 | Orc:1    | Reached skill level 15 in Polearms
 19124 | Orc:2    | Found a staircase to the Elven Halls.
 19286 | Orc:2    | Found Fopoe's Assorted Antiques.
 19286 | Orc:2    | Found Ofopp's Antique Weapon Emporium.
 19288 | Orc:2    | Found Aly Tuy's Antique Weapon Shoppe.
 19290 | Orc:2    | Found Dupeacke's Distillery.
 19492 | Orc:2    | Received a gift from Trog
 20203 | Orc:1    | Received a gift from Trog
 20409 | Lair:1   | Entered Level 1 of the Lair of Beasts
 20670 | Lair:1   | Found a frozen archway.
 20714 | IceCv    | Entered an ice cave
 20881 | IceCv    | Received a gift from Trog
 21564 | IceCv    | Got a vibrating copper ring
 21579 | IceCv    | Identified the ring "Qeshitoph" {rElec rF+ Str+3 Int+5} (You found it in an ice cave)
 22312 | D:9      | Bought a potion of curing for 42 gold pieces
 22312 | D:9      | Bought a potion of heal wounds for 70 gold pieces
 22312 | D:9      | Bought a potion of heal wounds for 70 gold pieces
 24269 | Lair:3   | Noticed Nergalle
 24275 | Lair:3   | Killed Nergalle
 24511 | Lair:4   | Found a labyrinth entrance.
 24544 | Lab      | Entered a labyrinth
 24888 | Lab      | Found the +8 frozen axe "Frostbite" {freezing cloud, *Noise +Fly rC+}
 24888 | Lab      | Found the +6 shillelagh "Devastator" {shatter}
 24901 | Lab      | Got a faintly humming ring mail
 24901 | Lab      | Got a jasper-encrusted leather armour
 24913 | Lab      | Identified the cursed +0 ring mail of Iguxtism {+Blink rElec rF+ MR++} (You found it in a labyrinth)
 24925 | Lab      | Identified the cursed +0 leather armour of Dykhyeda {Regen+ Str+3} (You found it in a labyrinth)
 24946 | Lab      | Got a polished shortbow
 24952 | Lab      | Identified the +9 shortbow of the Fox {venom, +Inv} (You found it in a labyrinth)
 25207 | Lair:4   | Found a hole to the Spider Nest.
 25219 | Lair:4   | Reached XP level 15. HP: 94/134 MP: 14/14
 25222 | Lair:4   | Received a gift from Trog
 25771 | Lair:4   | Found a staircase to the Swamp.
 26139 | Lair:5   | Noticed Rupert
 26150 | Lair:5   | Killed Rupert
 26501 | Lair:5   | Found a viscous altar of Jiyva.
 26502 | Lair:5   | Found a staircase to the Slime Pits.
 26649 | Lair:5   | Received a gift from Trog
 27000 | Lair:6   | Entered Level 6 of the Lair of Beasts
 27040 | Lair:6   | Reached skill level 10 in Bows
 27334 | Lair:6   | Reached skill level 10 in Dodging
 28436 | Lair:6   | Received a gift from Trog
 29220 | Spider:1 | Entered Level 1 of the Spider Nest
 29252 | Spider:1 | Identified the Reference Book on the Poisonous Mountains
 29566 | Spider:1 | Received a gift from Trog
 29577 | Spider:1 | Reached XP level 16. HP: 38/145 MP: 15/15
 32321 | Spider:3 | Noticed Bai Suzhen
 32672 | Spider:3 | Received a gift from Trog
 32686 | Spider:3 | Got a translucent shortbow {god gift}
 32687 | Spider:3 | Identified the +13 shortbow of Untimely Demise {flame, Int+4} (Trog gifted it to you on level 3 of the Spider Nest)
 32702 | Spider:3 | Noticed Asterion
 32705 | Spider:3 | Noticed an Executioner
 32808 | Spider:3 | Killed Asterion
 32842 | Spider:2 | Killed Bai Suzhen
 32842 | Spider:2 | Reached skill level 15 in Armour
 33021 | Spider:3 | HP: 1/147 [disintegration (36)]
 33026 | Spider:3 | Mangled by a wolf spider

Skill      XL: |  1  2  3  4  5  6  7  8  9 10 11 12 13 14 15 16 |
---------------+-------------------------------------------------+-----
Fighting       | 4 5 6 7 8 9 10 11 12 13 14 | 14.6
Long Blades    | 4 5 6 7 8 9 10 12 | 12.6
Armour         | 3 4 5 6 7 8 9 10 11 12 13 14 15 | 15.1
Dodging        | 3 4 5 6 7 8 9 10 | 10.8
Polearms       | 1 3 5 7 9 11 12 14 15 | 15.0
Bows           | 1 3 4 5 6 7 8 12 13 | 13.2
Shields        | 2 4 6 7 9 11 12 | 12.5

Action                   |  1- 3 |  4- 6 |  7- 9 | 10-12 | 13-15 | 16-18 || total
-------------------------+-------+-------+-------+-------+-------+-------++-------
Melee: Falchion          |    69 |       |       |       |       |       ||    69
       Headbutt          |    14 |    12 |    71 |   179 |   233 |    27 ||   536
       Spear             |    12 |    97 |   213 |       |       |       ||   322
       Trident           |       |       |   194 |   639 |   416 |       ||  1249
       Double sword      |       |       |       |       |   440 |    58 ||   498
 Fire: Shortbow          |       |       |       |       |   718 |   208 ||   926
Invok: Berserk           |       |     1 |     7 |    20 |    13 |     3 ||    44
       Burn Spellbooks   |       |       |     1 |     1 |     6 |     2 ||    10
       Trog's Hand       |       |       |     1 |       |       |       ||     1
 Abil: Evoke Flight      |       |       |       |       |     2 |       ||     2
  Use: Scroll            |       |       |     9 |     7 |    28 |     2 ||    46
       Potion            |       |       |       |     5 |       |     8 ||    13
  Eat: Chunk             |     4 |     6 |    23 |    30 |    38 |     2 ||   103
       Ration            |       |       |       |     2 |     7 |     3 ||    12
Armor: Animal skin       |     3 |       |       |       |       |       ||     3
       Ring mail         |    19 |     4 |       |       |       |       ||    23
       Chain mail        |       |    54 |   201 |   201 |    22 |       ||   478
       Plate armour      |       |       |       |       |   622 |   312 ||   934
       Ice dragon scales |       |       |       |       |    44 |       ||    44
Dodge: Dodged            |    58 |    46 |   159 |   167 |   696 |   247 ||  1373
       Deflected         |       |       |       |       |     3 |       ||     3
Block: Buckler           |       |       |    17 |       |       |       ||    17
       Shield            |       |       |    35 |   227 |   530 |       ||   792
       Rpst.: Falchion   |    13 |       |       |       |       |       ||    13
       Double sword      |       |       |       |       |    63 |    13 ||    76
